TOP OF THE 1ST |
Phoenix Hotspur Reserves batting - Pitching for Jersey City Tritons : LHP Javier Desdin
|
Pitching: LHP Javier Desdin
|
|
Batting: LHB Jason DeGeorge
|
0-0: Ball 1-0: Ball 2-0: Foul Ball, location: 2F 2-1: Called Strike 2-2: Fly out, F7 (Line Drive, 7)
|
Batting: RHB Solomon Norment
|
0-0: Ball 1-0: Called Strike 1-1: Ground out 5-3 (Groundball, 56)
|
Batting: RHB Hieronymus Bosch
|
0-0: Ground out 6-3 (Groundball, 6)
|
Top of the 1st over - 0 runs, 0 hits, 0 errors, 0 left on base; Phoenix 0 - Jersey City 0 |
BOTTOM OF THE 1ST |
Jersey City Tritons batting - Pitching for Phoenix Hotspur Reserves : RHP Jorge Cruzan
|
Pitching: RHP Jorge Cruzan
|
|
Batting: LHB Dana Waldrip
|
0-0: Ground out 6-3 (Groundball, 6)
|
Batting: RHB Rand McNally
|
0-0: Bunted foul 0-1: Ball 1-1: Swinging Strike 1-2: Ball 2-2: Ball 3-2: Foul Ball, location: 2F 3-2: Fly out, F8 (Flyball, 8LD)
|
Batting: LHB Víctor Robledo
|
0-0: Ball 1-0: Called Strike 1-1: Swinging Strike 1-2: Foul Ball, location: 2F 1-2: Fly out, F8 (Flyball, 8RD)
|
Bottom of the 1st over - 0 runs, 0 hits, 0 errors, 0 left on base; Phoenix 0 - Jersey City 0 |
TOP OF THE 2ND |
Phoenix Hotspur Reserves batting - Pitching for Jersey City Tritons : LHP Javier Desdin
|
Batting: RHB Alex Niemann
|
0-0: Ball 1-0: Foul Ball, location: 2F 1-1: Foul Ball, location: 2F 1-2: Ball 2-2: Foul Ball, location: 2F 2-2: Ground out 4-3 (Groundball, 4)
|
Batting: LHB Corey Ferguson
|
0-0: Called Strike 0-1: Called Strike 0-2: Ball 1-2: Strikes out swinging
|
Batting: RHB Bernardo Rivera
|
0-0: Ball 1-0: Swinging Strike 1-1: Ball 2-1: Ball 3-1: SINGLE (Line Drive, 89S)
|
Batting: RHB Francisco Arriagada
|
0-0: Called Strike 0-1: SINGLE (Groundball, 56D) Bernardo Rivera to second
|
Batting: RHB Satoshi Terada
|
0-0: Ball 1-0: Ground out 5-3 (Groundball, 5S)
|
Top of the 2nd over - 0 runs, 2 hits, 0 errors, 2 left on base; Phoenix 0 - Jersey City 0 |
BOTTOM OF THE 2ND |
Jersey City Tritons batting - Pitching for Phoenix Hotspur Reserves : RHP Jorge Cruzan
|
Batting: RHB Yoshihiro Iwasaki
|
0-0: SINGLE (Line Drive, 6MD)
|
Batting: SHB Dave Atkins
|
0-0: Called Strike 0-1: Ball 1-1: Ball 2-1: Foul Ball, location: 2F 2-2: SINGLE (Groundball, 34D) Yoshihiro Iwasaki to second Runner from 2nd tries for 3rd, SAFE, throw made to third
|
Batting: SHB Holden Nolan
|
0-0: Ball 1-0: Ball 2-0: Fielders Choice at 2nd, 4-6 (Groundball, 4M) Yoshihiro Iwasaki scores
|
Batting: RHB Carlos Rúbio
|
0-0: Called Strike Throwing error on steal attempt, E2 Holden Nolan to third 0-1: Swinging Strike 0-2: Ball 1-2: Foul Ball, location: 2F 1-2: Foul Ball, location: 2F 1-2: DOUBLE (Flyball, 8LXD) Holden Nolan scores
|
Batting: RHB Rubén Arce
|
0-0: Ball 1-0: Ball 2-0: Ball 3-0: Called Strike 3-1: Ground out 6-3 (Groundball, 6)
|
Batting: RHB Stephen Crouch
|
0-0: Called Strike 0-1: Called Strike 0-2: Ball 1-2: Ball 2-2: Strikes out looking
|
Bottom of the 2nd over - 2 runs, 3 hits, 1 error, 1 left on base; Phoenix 0 - Jersey City 2 |
TOP OF THE 3RD |
Phoenix Hotspur Reserves batting - Pitching for Jersey City Tritons : LHP Javier Desdin
|
Batting: RHB Bob Curry
|
0-0: Ball 1-0: Ground out 5-3 (Groundball, 56S)
|
Batting: LHB Jason DeGeorge
|
0-0: Called Strike 0-1: Swinging Strike 0-2: SINGLE (Groundball, 34D)
|
Batting: RHB Solomon Norment
|
0-0: Ball 1-0: Ball 2-0: Called Strike 2-1: Ball 3-1: Foul Ball, location: 2F 3-2: Ground out 5-3 (Groundball, 5L) Jason DeGeorge to second
|
Batting: RHB Hieronymus Bosch
|
0-0: Foul Ball, location: 2F 0-1: SINGLE (Line Drive, 8LS) Jason DeGeorge to third Runner from 3rd tries for Home, SAFE, no throw
|
Batting: RHB Alex Niemann
|
0-0: Called Strike 0-1: Ball 1-1: Fly out, F8 (Flyball, 8RD)
|
Top of the 3rd over - 1 run, 2 hits, 0 errors, 1 left on base; Phoenix 1 - Jersey City 2 |
BOTTOM OF THE 3RD |
Jersey City Tritons batting - Pitching for Phoenix Hotspur Reserves : RHP Jorge Cruzan
|
Batting: LHB Dana Waldrip
|
0-0: Called Strike 0-1: Ball 1-1: Ground out 6-3 (Groundball, 6)
|
Batting: RHB Rand McNally
|
0-0: Called Strike 0-1: Swinging Strike 0-2: Ball 1-2: Ground out 6-3 (Groundball, 6)
|
Batting: LHB Víctor Robledo
|
0-0: Ball 1-0: Ball 2-0: Ground out 4-3 (Groundball, 4)
|
Bottom of the 3rd over - 0 runs, 0 hits, 0 errors, 0 left on base; Phoenix 1 - Jersey City 2 |
TOP OF THE 4TH |
Phoenix Hotspur Reserves batting - Pitching for Jersey City Tritons : LHP Javier Desdin
|
Batting: LHB Corey Ferguson
|
0-0: Foul Ball, location: 2F 0-1: Swinging Strike 0-2: Ball 1-2: Ground out U3 (Groundball, 3)
|
Batting: RHB Bernardo Rivera
|
0-0: Ball 1-0: Called Strike 1-1: Swinging Strike 1-2: Foul Ball, location: 2F 1-2: Foul Ball, location: 2F 1-2: Foul Ball, location: 2F 1-2: Foul Ball, location: 2F 1-2: Foul Ball, location: 2F 1-2: DOUBLE (Line Drive, 78D)
|
Batting: RHB Francisco Arriagada
|
0-0: Ball 1-0: Foul Ball, location: 2F 1-1: Swinging Strike 1-2: SINGLE (Flyball, 7LM) Bernardo Rivera to third
|
Batting: RHB Satoshi Terada
|
0-0: Ball 1-0: Ball 2-0: Called Strike 2-1: Foul Ball, location: 2F 2-2: Foul Ball, location: 2F 2-2: Foul Ball, location: 2F 2-2: Foul Ball, location: 2F 2-2: Foul Ball, location: 2F 2-2: SINGLE (Flyball, 9S) Bernardo Rivera scores Francisco Arriagada to second Francisco Arriagada to third
|
Batting: RHB Bob Curry
|
0-0: Called Strike 0-1: Ball 1-1: Foul Ball, location: 2F 1-2: Ball 2-2: Strikes out swinging
|
Batting: LHB Jason DeGeorge
|
0-0: Called Strike 0-1: Ball 1-1: Called Strike 1-2: Foul Ball, location: 2F 1-2: Strikes out swinging
|
Top of the 4th over - 1 run, 3 hits, 0 errors, 2 left on base; Phoenix 2 - Jersey City 2 |
BOTTOM OF THE 4TH |
Jersey City Tritons batting - Pitching for Phoenix Hotspur Reserves : RHP Jorge Cruzan
|
Batting: RHB Yoshihiro Iwasaki
|
0-0: SINGLE (Line Drive, 89S)
|
Batting: SHB Dave Atkins
|
0-0: Ball 1-0: Ground out 4-3 (Groundball, 34) Yoshihiro Iwasaki to second
|
Batting: SHB Holden Nolan
|
0-0: Ball 1-0: Called Strike 1-1: SINGLE (Line Drive, 6MD) Yoshihiro Iwasaki to third Runner from 3rd tries for Home, SAFE, throw made home
|
Batting: RHB Carlos Rúbio
|
0-0: Ball 1-0: Grounds into double play, 6-4-3 (Groundball, 6)
|
Bottom of the 4th over - 1 run, 2 hits, 0 errors, 0 left on base; Phoenix 2 - Jersey City 3 |
TOP OF THE 5TH |
Phoenix Hotspur Reserves batting - Pitching for Jersey City Tritons : LHP Javier Desdin
|
Batting: RHB Solomon Norment
|
0-0: Swinging Strike 0-1: Swinging Strike 0-2: Ball 1-2: Ball 2-2: Strikes out swinging
|
Batting: RHB Hieronymus Bosch
|
0-0: DOUBLE (Line Drive, 8LD)
|
Batting: RHB Alex Niemann
|
0-0: Called Strike 0-1: Ball 1-1: Ball 2-1: Ball 3-1: Base on Balls
|
Batting: LHB Corey Ferguson
|
0-0: Ball 1-0: Called Strike 1-1: Fly out, F9 (Line Drive, 9)
|
Batting: RHB Bernardo Rivera
|
0-0: Ball 1-0: Foul Ball, location: 2F 1-1: Fly out, F7 (Flyball, 7)
|
Top of the 5th over - 0 runs, 1 hit, 0 errors, 2 left on base; Phoenix 2 - Jersey City 3 |
BOTTOM OF THE 5TH |
Jersey City Tritons batting - Pitching for Phoenix Hotspur Reserves : RHP Jorge Cruzan
|
Batting: RHB Rubén Arce
|
0-0: Ball 1-0: Fly out, F7 (Flyball, 7S)
|
Batting: RHB Stephen Crouch
|
0-0: Ball 1-0: Swinging Strike 1-1: Swinging Strike 1-2: Foul Ball, location: 2F 1-2: Ball 2-2: Ball 3-2: Foul Ball, location: 2F 3-2: Base on Balls
|
Batting: LHB Dana Waldrip
|
0-0: Ball 1-0: Foul Ball, location: 2F 1-1: Ball 2-1: SINGLE (Groundball, 34S) (infield hit) Stephen Crouch to second
|
Batting: RHB Rand McNally
|
0-0: Ball 1-0: Ball 2-0: SINGLE (Groundball, 3D) Stephen Crouch to third Dana Waldrip to second
|
Batting: LHB Víctor Robledo
|
0-0: Called Strike 0-1: Ball 1-1: Ball 2-1: SINGLE (Groundball, 34) (infield hit) Stephen Crouch scores Dana Waldrip to third Rand McNally to second
|
Batting: RHB Yoshihiro Iwasaki
|
0-0: Ball 1-0: Swinging Strike 1-1: Foul Ball, location: 2F 1-2: Ball 2-2: Ball 3-2: Base on Balls Dana Waldrip scores Rand McNally to third Víctor Robledo to second
|
Batting: SHB Dave Atkins
|
0-0: Ball 1-0: Ball 2-0: Called Strike 2-1: Fly out, F9 (Flyball, 9D) Runner from 3rd tags up, SCORES, no throw
|
Batting: SHB Holden Nolan
|
0-0: Ball 1-0: Ball 2-0: Ball 3-0: Called Strike 3-1: Foul Ball, location: 2F 3-2: SINGLE (Groundball, 4MD) Víctor Robledo to third Yoshihiro Iwasaki to second Víctor Robledo scores Yoshihiro Iwasaki to third
|
Pitching: LHP Ricardo Sánchez
|
|
Batting: RHB Carlos Rúbio
|
0-0: Ball 1-0: Swinging Strike 1-1: Ball 2-1: Swinging Strike 2-2: Ball 3-2: Base on Balls Holden Nolan to second
|
Batting: RHB Rubén Arce
|
0-0: Called Strike 0-1: Ball 1-1: Fielders Choice at 2nd, 6-4 (Groundball, 6)
|
Bottom of the 5th over - 4 runs, 4 hits, 0 errors, 3 left on base; Phoenix 2 - Jersey City 7 |
TOP OF THE 6TH |
Phoenix Hotspur Reserves batting - Pitching for Jersey City Tritons : LHP Javier Desdin
|
Batting: RHB Francisco Arriagada
|
0-0: Ball 1-0: Ball 2-0: Ball 3-0: Called Strike 3-1: Fly out, F7 (Flyball, 78D)
|
Pitching: RHP Juan Costello
|
|
Batting: RHB Satoshi Terada
|
0-0: Ball 1-0: Ball 2-0: Ball 3-0: Base on Balls
|
Batting: RHB Bob Curry
|
0-0: Called Strike 0-1: Called Strike 0-2: SINGLE (Groundball, 56D) Satoshi Terada to second
|
Batting: LHB Jason DeGeorge
|
0-0: Fielders Choice at 2nd, 6-4 (Groundball, 6) Satoshi Terada to third
|
Batting: RHB Solomon Norment
|
0-0: Ball 1-0: Fielders Choice at 2nd, 5-4 (Groundball, 5)
|
Top of the 6th over - 0 runs, 1 hit, 0 errors, 2 left on base; Phoenix 2 - Jersey City 7 |
BOTTOM OF THE 6TH |
Jersey City Tritons batting - Pitching for Phoenix Hotspur Reserves : LHP Ricardo Sánchez
|
Batting: RHB Stephen Crouch
|
0-0: Foul Ball, location: 2F 0-1: Ball 1-1: Called Strike 1-2: Ball 2-2: Ball 3-2: SINGLE (Groundball, 6MD)
|
Batting: LHB Dana Waldrip
|
0-0: Called Strike 0-1: Fly out, F8 (Line Drive, 8RD)
|
Now in CF: Jim Justice
|
|
Batting: RHB Rand McNally
|
0-0: Called Strike 0-1: Called Strike 0-2: Ball 1-2: Ball 2-2: Foul Ball, location: 2F 2-2: Grounds into double play, 6-4-3 (Groundball, 6)
|
Bottom of the 6th over - 0 runs, 1 hit, 0 errors, 0 left on base; Phoenix 2 - Jersey City 7 |
TOP OF THE 7TH |
Phoenix Hotspur Reserves batting - Pitching for Jersey City Tritons : RHP Juan Costello
|
Batting: RHB Hieronymus Bosch
|
0-0: Called Strike 0-1: Ground out 5-3 (Groundball, 56S)
|
Batting: RHB Alex Niemann
|
0-0: Called Strike 0-1: Ball 1-1: SINGLE (Flyball, 9S)
|
Batting: LHB Corey Ferguson
|
0-0: Called Strike 0-1: Ball 1-1: Swinging Strike 1-2: Strikes out swinging
|
Batting: RHB Bernardo Rivera
|
0-0: Fly out, F6 (Line Drive, 6M)
|
Top of the 7th over - 0 runs, 1 hit, 0 errors, 1 left on base; Phoenix 2 - Jersey City 7 |
BOTTOM OF THE 7TH |
Jersey City Tritons batting - Pitching for Phoenix Hotspur Reserves : LHP Ricardo Sánchez
|
Batting: LHB Víctor Robledo
|
0-0: Fly out, F5 (Line Drive, 5)
|
Batting: RHB Yoshihiro Iwasaki
|
0-0: Fly out, F8 (Flyball, 8RD)
|
Batting: SHB Dave Atkins
|
0-0: Foul Ball, location: 2F 0-1: Ground out 6-3 (Groundball, 6)
|
Bottom of the 7th over - 0 runs, 0 hits, 0 errors, 0 left on base; Phoenix 2 - Jersey City 7 |
TOP OF THE 8TH |
Phoenix Hotspur Reserves batting - Pitching for Jersey City Tritons : RHP Juan Costello
|
Now at 3B: Marcos Alfaro
|
|
Batting: RHB Francisco Arriagada
|
0-0: Ground out 5-3 (Groundball, 5L)
|
Batting: RHB Satoshi Terada
|
0-0: Ground out 4-3 (Groundball, 4)
|
Batting: RHB Bob Curry
|
0-0: Ball 1-0: Ball 2-0: Ball 3-0: Base on Balls
|
Batting: RHB Jim Justice
|
0-0: Called Strike 0-1: Ground out 1-3 (Groundball, 15S)
|
Top of the 8th over - 0 runs, 0 hits, 0 errors, 1 left on base; Phoenix 2 - Jersey City 7 |
BOTTOM OF THE 8TH |
Jersey City Tritons batting - Pitching for Phoenix Hotspur Reserves : LHP Ricardo Sánchez
|
Batting: SHB Holden Nolan
|
0-0: Ball 1-0: Fly out, F4 (Popup, 4MD)
|
Batting: RHB Carlos Rúbio
|
0-0: Ball 1-0: Called Strike 1-1: Foul Ball, location: 2F 1-2: Fly out, F9 (Flyball, 9)
|
Batting: RHB Rubén Arce
|
0-0: Called Strike 0-1: Called Strike 0-2: Strikes out looking
|
Bottom of the 8th over - 0 runs, 0 hits, 0 errors, 0 left on base; Phoenix 2 - Jersey City 7 |
TOP OF THE 9TH |
Phoenix Hotspur Reserves batting - Pitching for Jersey City Tritons : RHP Juan Costello
|
Now in LF: Marvin Hunter
|
|
Batting: RHB Solomon Norment
|
0-0: Ball 1-0: Ball 2-0: Called Strike 2-1: Ball 3-1: Fly out, F8 (Flyball, 8RD)
|
Batting: RHB Hieronymus Bosch
|
0-0: Swinging Strike 0-1: Ball 1-1: Called Strike 1-2: Strikes out swinging
|
Batting: RHB Alex Niemann
|
0-0: SINGLE (Groundball, 34D)
|
Batting: LHB Corey Ferguson
|
0-0: Fly out, F8 (Flyball, 8RM)
|
Top of the 9th over - 0 runs, 1 hit, 0 errors, 1 left on base; Phoenix 2 - Jersey City 7 |
|